 Dungeon Crawl Stone Soup version 0.27.0-1-g7a08968 (webtiles) character file.

Game seed: 3939473076615505012

554208 Estrea the Hoplite (level 25, -5/245 HPs)
             Began as a Minotaur Fighter on Aug 14, 2021.
             Was the Champion of the Shining One.
             Engulfed by an ushabti's foul pestilence (16 damage)
             ... on level 3 of the Tomb of the Ancients.
             The game lasted 04:34:21 (64068 turns).

Estrea the Hoplite (Minotaur Fighter)              Turns: 64068, Time: 04:34:21

Health: -5/245     AC: 41    Str: 29    XL:     25   Next: 14%
Magic:  0/34       EV: 16    Int:  5    God:    the Shining One [******]
Gold:   5775       SH: 28    Dex: 22    Spells: 24/24 levels left

rFire    + + .     SeeInvis .   a - +3 sacred scourge (holy)
rCold    + + .     Faith    .   p - +0 tower shield
rNeg     + + +     Spirit   +   Y - +9 scales of the Dragon King {rPois rF+ rC+ Will+}
rPois    +         Reflect  .   M - +2 hat
rElec    +         Harm     .   F - +2 cloak
rCorr    +         Rampage  .   o - +1 pair of gloves
Will     ++...                  x - +0 pair of boots
Stlth    ..........             D - amulet of guardian spirit
HPRegen  0.50/turn              V - ring "Wufiph" {rElec rPois rF+ Dex+6 Slay+2}
MPRegen  0.24/turn              r - ring "Ulolem" {rC+ rCorr Dex+2}

@: flayed, slowed, glowing, studying 2 skills, very slow
A: horns 2, retaliatory headbutt
}: 3/15 runes: decaying, silver, gossamer
a: Renounce Religion, Divine Shield, Cleansing Flame, Summon Divine Warrior


You were on level 3 of the Tomb of the Ancients.
You worshipped the Shining One.
The Shining One was exalted by your worship.
You visited 10 branches of the dungeon, and saw 46 of its levels.
You also visited: Gauntlet, Ice Cave and Volcano.

You collected 8191 gold pieces.
You spent 2416 gold pieces at shops.

Inventory:

Hand Weapons
 a - a +3 sacred scourge of holy wrath (weapon)
 b - the +10 fustibalus "Sohiec Hodd" {flame, *Slow Will+ Str+6 Int+4}
   (You found it on level 1 of the Vaults)

   Any ammunition fired from it burns those it strikes, dealing additional fire
   damage.
   Str:       It affects your strength (+6).
   Int:       It affects your intelligence (+4).
   *Slow:     It may slow you when you take damage.
   Will:      It increases your willpower.
 c - the +8 whip "Snakebite" {venom, curare, rPois}
   (You found it on level 2 of the Lair of Beasts)

   It poisons the flesh of those it strikes.
   It occasionally inflicts asphyxiating poison on those it strikes, dealing
   poison damage and causing slowness.
   rPois:     It protects you from poison.
 d - a +9 fustibalus of flaming
 e - a +9 vorpal morningstar
Missiles
 j - 93 sling bullets
 B - 43 stones
 Z - 2 throwing nets (quivered)
Armour
 f - the +2 cloak "Wovyriuj" {+Blink Will- Str+5}
   (You found it on level 2 of the Crypt)

   Str:       It affects your strength (+5).
   +Blink:    It lets you blink.
   Will:      It decreases your willpower.
 o - a +1 pair of gloves (worn)
 p - a +0 tower shield (worn)
 x - a +0 pair of boots (worn)
 F - a +2 cloak (worn)
 M - a +2 hat (worn)
 Y - the +9 scales of the Dragon King (worn) {rPois rF+ rC+ Will+}
   (You found it on level 3 of the Elven Halls)

   rF:        It protects you from fire.
   rC:        It protects you from cold.
   rPois:     It protects you from poison.
   Will:      It increases your willpower.
Jewellery
 h - a ring of flight
 r - the ring "Ulolem" (right hand) {rC+ rCorr Dex+2}
   (You took it off a deep elf pyromancer on level 3 of the Elven Halls)

   [ring of resist corrosion]

   Dex:       It affects your dexterity (+2).
   rC:        It protects you from cold.
   rCorr:     It protects you from acid and corrosion.
 D - an amulet of guardian spirit (around neck)
 E - an amulet of reflection
 H - the ring of Raej {AC+4 Int+9}
   (You found it on level 4 of the Vaults)

   [ring of protection]

   AC:        It affects your AC (+4).
   Int:       It affects your intelligence (+9).
 V - the ring "Wufiph" (left hand) {rElec rPois rF+ Dex+6 Slay+2}
   (You found it on level 6 of the Lair of Beasts)

   [ring of dexterity]

   Dex:       It affects your dexterity (+6).
   Slay:      It affects your accuracy & damage with ranged weapons and melee
   (+2).
   rF:        It protects you from fire.
   rElec:     It insulates you from electricity.
   rPois:     It protects you from poison.
Wands
 n - a wand of acid (31)
 s - a wand of flame (142)
 t - a wand of polymorph (14)
 w - a wand of iceblast (83)
 z - a wand of digging (29)
 L - a wand of paralysis (27)
 X - a wand of charming (18)
Scrolls
 g - 2 scrolls of summoning
 i - 16 scrolls of teleportation
 k - 4 scrolls of silence
 q - 11 scrolls of blinking
 u - a scroll of amnesia
 v - 8 scrolls of fog
 y - 10 scrolls of fear
 A - 7 scrolls of magic mapping
 C - a scroll of brand weapon
 G - 28 scrolls of identify
 K - a scroll of enchant weapon
 S - 2 scrolls of holy word
Potions
 l - 8 potions of curing
 m - 8 potions of mutation
 I - 6 potions of haste
 N - a potion of ambrosia
 P - 3 potions of berserk rage
 Q - 5 potions of cancellation
 R - 3 potions of resistance
 T - 5 potions of flight
 W - 6 potions of attraction
Miscellaneous
 J - a phial of floods


   Skills:
 * Level 23.7 Fighting
 + Level 16.9 Maces & Flails
 - Level 14.0 Slings
 * Level 18.4 Armour
 * Level 16.7 Dodging
 * Level 25.8 Shields
 * Level 17.7 Invocations
 + Level 7.0 Evocations


You had 24 spell levels left.
You didn't know any spells.
Your spell library contained the following spells:

 Spells                   Type           Power      Damage    Failure   Level
 Animate Skeleton         Necr           0%         N/A       100%        1
 Apportation              Tloc           0%         N/A       100%        1
 Corona                   Hex            0%         N/A       100%        1
 Freeze                   Ice            0%         1d3       100%        1
 Magic Dart               Conj           0%         1d3       100%        1
 Sandblast                Erth           0%         2d4       100%        1
 Summon Small Mammal      Summ           0%         N/A       100%        1
 Call Imp                 Summ           0%         N/A       100%        2
 Ensorcelled Hibernation  Hex/Ice        0%         N/A       100%        2
 Passwall                 Tmut/Erth      0%         N/A       100%        2
 Slow                     Hex            0%         N/A       100%        2
 Static Discharge         Conj/Air       0%         N/A       100%        2
 Confusing Touch          Hex            0%         N/A       100%        3
 Conjure Flame            Conj/Fire      0%         6-21      100%        3
 Dazzling Flash           Conj/Hex       0%         N/A       100%        3
 Frozen Ramparts          Ice            0%         1d2       100%        3
 Ignite Poison            Fire/Tmut/Pois 0%         N/A       100%        3
 Mephitic Cloud           Conj/Pois/Air  0%         N/A       100%        3
 Portal Projectile        Hex/Tloc       0%         N/A       100%        3
 Spider Form              Tmut/Pois      0%         N/A       100%        3
 Stone Arrow              Conj/Erth      0%         3d7       100%        3
 Tukima's Dance           Hex            0%         N/A       100%        3
 Airstrike                Air            0%         N/A       100%        4
 Animate Armour           Summ/Erth      0%         N/A       100%        4
 Dispel Undead            Necr           0%         3d6       100%        4
 Hailstorm                Conj/Ice       0%         3d3       100%        4
 Ice Form                 Ice/Tmut       0%         N/A       100%        4
 Iskenderun's Mystic Bla  Conj/Tloc      0%         2d3       100%        4
 Leda's Liquefaction      Hex/Erth       0%         N/A       100%        4
 Passage of Golubria      Tloc           N/A        N/A       100%        4
 Sticky Flame             Conj/Fire      0%         2d3       100%        4
 Summon Ice Beast         Ice/Summ       0%         N/A       100%        4
 Summon Lightning Spire   Summ/Air       0%         N/A       100%        4
 Alistair's Intoxication  Tmut/Pois      0%         N/A       100%        5
 Blade Hands              Tmut           0%         N/A       100%        5
 Bolt of Magma            Conj/Fire/Erth 0%         4d4       100%        5
 Fireball                 Conj/Fire      0%         3d3       100%        5
 Irradiate                Conj/Tmut      0%         3d14      100%        5
 Iskenderun's Battlesphe  Conj           0%         2d6       100%        5
 Lee's Rapid Deconstruct  Erth           0%         3d5*      100%        5
 Lightning Bolt           Conj/Air       0%         1d11      100%        5
 Metabolic Englaciation   Hex/Ice        0%         N/A       100%        5
 Silence                  Hex/Air        0%         N/A       100%        5
 Summon Forest            Summ/Tloc      0%         N/A       100%        5
 Summon Mana Viper        Hex/Summ       0%         N/A       100%        5
 Yara's Violent Unravell  Hex/Tmut       0%         3d3       100%        5
 Conjure Ball Lightning   Conj/Air       0%         3x3d6     100%        6
 Invisibility             Hex            0%         N/A       100%        6
 Shadow Creatures         Summ           N/A        N/A       100%        6
 Starburst                Conj/Fire      0%         8x6d3     100%        6
 Statue Form              Tmut/Erth      0%         N/A       100%        6
 Dragon Form              Tmut           0%         N/A       100%        7
 Orb of Destruction       Conj           0%         N/A       100%        7
 Lehudib's Crystal Spear  Conj/Erth      0%         10d2      100%        8
 Death's Door             Necr           0%         N/A       100%        9
 Shatter                  Erth           0%         3d5*      100%        9


Dungeon Overview and Level Annotations

Branches:
Dungeon (15/15)            Temple (1/1) D:6            Lair (6/6) D:10
  Swamp (4/4) Lair:3       Spider (4/4) Lair:2        Slime (0/5) Lair:5
    Orc (2/2) D:9             Elf (3/3) Orc:2        Vaults (5/5) D:14
  Crypt (3/3) Vaults:2       Tomb (3/3) Crypt:3      Depths (0/5) D:15
  IceCv (visited)         Volcano (visited)         Gauntlet (visited)

Altars:
Ashenzari
Cheibriados
Dithmenos
Elyvilon
Fedhas
Gozag
Hepliaklqana
Kikubaaqudgha
Makhleb
Nemelex Xobeh
Okawaru
Qazlal
Ru
Sif Muna
Trog
Uskayaw
Vehumet
Wu Jian
Xom
Yredelemnul
Zin
The Shining One
Beogh
Jiyva

Shops:
D:1 ?   D:2 *   D:12 *   Orc:2 *=:*   Elf:3 (   Vaults:2 !   Vaults:5 !

Annotations:
D:13 2 transporters, Xeymp's ghost, journeyman SpEn


Innate Abilities, Weirdness & Mutations

You have a pair of horns on your head.
You reflexively headbutt those who attack you in melee.


Message History

The death scarab bites your daeva!
The death scarab drains your daeva's vigour!
Your daeva seems to slow down.
The death scarab bites your daeva!!
The death scarab drains your daeva's vigour!
Your daeva seems to slow down.
The death scarab bites your daeva!!
The death scarab drains your daeva's vigour!
Your daeva seems to slow down.
Your daeva hits the death scarab with a +5 long sword of holy wrath!!
The death scarab convulses!!
The death scarab is destroyed!
The death scarab's corpse disappears in a puff of smoke!
The ushabti shakes and rattles.
The vile air hits the ancient champion but does no damage.
The vile air hits the mummy.
The vile air hits the mummy priest.
The vile air hits your daeva.
The vile air hits the ancient champion but does no damage.
The vile air hits you but does no damage.
The royal mummy gestures wildly while chanting.
Send 'em back where they came from!
The Shining One protects your fellow warrior from evil magic!
You block the ancient champion's attack.
The ancient champion hits your daeva with a +3 battleaxe!!
Your daeva dies!
The ushabti shakes and rattles deafeningly!
The mummy priest mumbles some strange prayers to its god.
The royal mummy gestures wildly while chanting.
The ushabti shakes and rattles deafeningly!
The ushabti hits you!
* * * LOW HITPOINT WARNING * * *
You block the guardian mummy's attack.
The flayed ghost cries, "Feel what I felt!"
Terrible wounds open up all over your body!
* * * LOW HITPOINT WARNING * * *
The mummy priest invokes the aid of its god against you.
Something smites you!
* * * LOW HITPOINT WARNING * * *
You feel better.
You are engulfed in dark miasma.
You die...

***** ######## ******* ,,,,**
#.°....# *#...$(#*
,,,,,**#.°^...###....(::**
,,,,,,*#☼.?...##.....$)=)**
,,,,,^*#○M.W(○##....$$$)[,**
,,,,,,,#○LB8Z.#.......$}(:"**
,,,,,,,#MBMMW8#......$$=))},**
,,....BM○8zMM8M8......$$):),,**
,,...M8#MM88..#z@○....$$$$},,,*
,,$.○.,#☼MzMV.#.M8°☼....$$$,,,*
,,...,*#MM8M8M##....°^....$,,,*
,,..,,*#○MZMM.##.$........),,,*
,,.,,**8.M88.MM##......^...,,,*
^,,<**,....MM.M.##<......$.,,**
,,,**,,,,,,,,,,,,##........,,*
,,**,,,,,,,,,,,,,,##...^...***
,**,,,,,,,,,,,,,,,,*#....##*


You could see 3 royal mummies, a revenant, 2 ancient champions, 2 mummy priests,
a flayed ghost (summoned), a guardian mummy, 6 ushabtiu, a freezing wraith
(summoned), a spectral black mamba (summoned), 2 death scarabs and a mummy.

Vanquished Creatures
  Mara (Swamp:3)
  An ancient lich (Vaults:5)
  4 royal mummies
  Margery (Crypt:1)
  A golden dragon (Vaults:5)
  Arachne (Spider:4)
  A doom hound (Crypt:2)
  A tentacled monstrosity (Vaults:5)
  Rupert (Lair:6)
  Jorgrun (Elf:2)
  Asterion (Elf:2)
  3 liches
  4 titans (Vaults:5)
  2 quicksilver dragons (Vaults:5)
  4 deep elf blademasters (Elf:3)
  3 deep elf master archers (Elf:3)
  4 ancient champions
  The ghost of marwff the Severer, an adept MiBe of Trog (Swamp:4)
  Frances (D:14)
  10 sphinxes
  Agnes (D:14)
  5 revenants
  Kirke (Lair:6)
  6 shadow dragons
  A thorn hunter (Swamp:4)
  A fenstrider witch (Swamp:4)
  The ghost of Kipt the Spry, an adept SpFE of Dithmenos (Vaults:3)
  Donald (Swamp:2)
  4 tengu reavers (Vaults:5)
  Roxanne (Spider:4)
  3 frost giants (Vaults:5)
  3 iron dragons (Vaults:5)
  3 deep elf sorcerers (Elf:3)
  Aizul (Spider:4)
  2 ghost moths (Spider:4)
  An orc warlord (Vaults:2)
  16 vault wardens
  A ghost moth (shapeshifter) (Vaults:5)
  3 curse skulls
  6 emperor scorpions
  3 deep elf elementalists (Elf:3)
  3 ghouls (Crypt:1)
  10 very ugly things
  15 ironbound preservers
  4 war gargoyles
  2 reapers
  2 stone giants
  A black draconian (shapeshifter) (Vaults:5)
  21 vampire knights
  2 deep elf demonologists
  15 bennus
  Nessos (D:14)
  5 bunyips
  10 deep elf annihilators
  Azrael (D:13)
  2 spectral hellephants (Crypt:2)
  5 spark wasps
  A minotaur (Gauntlet)
  3 dire elephants
  5 eidola
  7 deep elf death magi
  7 eleionomae
  10 mummy priests
  8 jiangshi
  3 ettins (Vaults:5)
  Josephine (D:10)
  2 crystal guardians
  A fire dragon (Volcano)
  3 great orbs of eyes
  2 deep elf high priests (Elf:3)
  A shambling mangrove (Swamp:4)
  22 yaktaur captains
  An ogre mage (D:14)
  29 vault guards
  3 peacekeepers
  Harold (D:11)
  13 boulder beetles
  9 ironbound thunderhulks
  A merfolk avatar (Lair:6)
  3 death knights
  25 hydras
  4 ghost crabs
  5 ironbound frosthearts
  A spriggan air mage (Swamp:3)
  18 centaur warriors
  2 spectral elves (Crypt:2)
  A catoblepas (Lair:6)
  30 dancing weapons
  6 two-headed ogres
  8 death yaks
  10 alligators
  22 death scarabs
  10 vampire magi
  5 ironbound beastmasters
  4 sun demons (Volcano)
  Urug (D:11)
  Sonja (D:10)
  Nergalle (Orc:1)
  A fire crab (shapeshifter) (Elf:3)
  2 soul eaters (Crypt:3)
  13 deep elf knights
  62 slime creatures
  4 hell knights (Crypt:1)
  A shadow wraith (Vaults:5)
  3 goliath frogs
  An iron troll (shapeshifter) (Vaults:4)
  44 skeletal warriors
  The ghost of popedarpa the Covert, a novice NaEn of Nemelex Xobeh (D:9)
  A golden dragon zombie (Crypt:3)
  A sea snake (Lair:6)
  3 bog bodies
  3 spriggan druids
  38 deep trolls
  An anaconda zombie (Crypt:2)
  A ghost moth zombie (Crypt:2)
  2 shadow demons (Crypt:2)
  A glowing orange brain (Vaults:2)
  A shadow dragon zombie (Crypt:3)
  10 swamp dragons
  5 harpies (Vaults:4)
  A bunyip skeleton (Crypt:2)
  2 flayed ghosts (Crypt:3)
  A tengu zombie (Vaults:1)
  29 phantasmal warriors
  14 wizards
  7 deep elf archers
  20 ironbound convokers
  13 lindwurms
  3 necromancers
  22 deep elf zephyrmancers
  14 orc knights
  29 deep elf pyromancers
  2 orc sorcerers
  8 orb spiders
  26 wolf spiders
  A mana viper (shapeshifter) (Vaults:5)
  2 oklob plants
  35 ugly things
  3 frost giant zombies
  A faun (shapeshifter) (Vaults:5)
  2 manticores
  2 will-o-the-wisps
  3 cyclopes
  A shining eye (shapeshifter) (Vaults:5)
  A guardian serpent (shapeshifter) (D:13)
  8 black mambas
  2 stone giant zombies
  20 elephants
  15 vault sentinels
  3 centaur zombies (D:11)
  3 moths of wrath
  4 smoke demons (Volcano)
  3 ice statues (IceCv)
  An elephant slug zombie (Crypt:2)
  A gargoyle (D:13)
  A torpor snail (Spider:2)
  A cane toad (shapeshifter) (Elf:3)
  2 human zombies
  15 cane toads
  An unseen horror (D:11)
  10 rime drakes
  A grey draconian zombie (Crypt:2)
  Psyche (D:10)
  A catoblepas zombie (Crypt:3)
  7 komodo dragons
  28 yaktaurs
  A yaktaur (shapeshifter) (D:15)
  2 efreet
  9 demonic crawlers
  2 kobold demonologists
  3 freezing wraiths
  8 trolls
  A tengu conjurer (D:14)
  An anaconda simulacrum (IceCv)
  A green draconian skeleton (Crypt:3)
  A yellow draconian skeleton (Crypt:1)
  5 polar bears
  18 guardian mummies
  The ghost of Biscolet the Covered, an amateur MiFi (D:7)
  18 jumping spiders
  3 meliai (Spider:2)
  A hydra zombie (Crypt:2)
  A wind drake (Lair:6)
  2 bloated husks
  21 hornets
  A blink frog (shapeshifter) (D:15)
  2 ice dragon zombies
  25 blink frogs
  2 harpy skeletons
  14 tyrant leeches
  A guardian serpent zombie (Crypt:1)
  An alligator zombie (Crypt:3)
  9 dream sheep
  13 wraiths
  A ynoxinul (D:8)
  2 water elementals
  9 spriggans
  9 flying skulls
  68 redbacks
  9 ushabtiu
  A centaur simulacrum (D:15)
  4 fire elementals
  30 tarantellas
  2 fire dragon skeletons
  A shadow (D:14)
  A vampire (D:10)
  3 air elementals
  3 hogs (Lair:6)
  3 basilisks
  10 vampire mosquitoes
  6 wyverns
  36 yaks
  A basilisk (shapeshifter) (D:15)
  6 steam dragons
  A harpy simulacrum (IceCv)
  12 swamp worms
  7 wargs
  An orb spider zombie (Crypt:3)
  2 acid dragons
  14 water moccasins
  9 hell hounds
  A faun skeleton (Crypt:1)
  5 swamp drakes
  A snapping turtle zombie (Tomb:1)
  42 orc warriors
  2 sky beasts (D:6)
  A manticore zombie (Crypt:2)
  5 ogres
  2 necrophages
  A black bear (shapeshifter) (Vaults:5)
  An ice dragon simulacrum (Tomb:2)
  5 wolves (Lair:4)
  5 centaurs
  A manticore skeleton (Tomb:2)
  2 phantoms
  2 kobold brigands
  2 scorpions
  An earth elemental (Elf:1)
  16 bullfrogs
  2 cane toad simulacra (IceCv)
  An elephant simulacrum (IceCv)
  17 wights
  12 killer bees
  A human simulacrum (Vaults:1)
  An electric eel (Lair:3)
  3 howler monkeys (D:9)
  A hound (D:5)
  A jelly (D:3)
  12 orc priests
  2 bullfrog skeletons
  2 gnoll shamans
  3 iron imps (D:5)
  A human skeleton (Crypt:2)
  4 iguanas
  12 orc wizards
  A polar bear simulacrum (IceCv)
  A killer bee zombie (D:7)
  A wolf simulacrum (IceCv)
  A demigod zombie (Crypt:3)
  A demigod skeleton (Crypt:2)
  2 felid skeletons
  An ogre skeleton (Crypt:3)
  27 mummies
  6 adders
  16 gnolls
  A howler monkey skeleton (D:7)
  2 shadow imps
  4 white imps
  An ufetubus (D:6)
  An adder zombie (D:5)
  An iguana zombie (Crypt:1)
  A worm (D:2)
  3 dart slugs
  67 orcs
  A bat zombie (Crypt:3)
  12 endoplasms
  3 giant cockroaches
  A goblin (shapeshifter) (Vaults:5)
  6 goblins
  6 hobgoblins
  10 jackals
  12 kobolds
  2 quokkas
  4 ball pythons
  A ball python zombie (Crypt:1)
  6 bats
  4 frilled lizards
  An orc skeleton (Crypt:2)
  12 rats
  A rat skeleton (Crypt:2)
  A river rat skeleton (Crypt:1)
1877 creatures vanquished.

Vanquished Creatures (collateral kills)
  A dread lich (Vaults:5)
  2 royal mummies (Tomb:2)
  The ghost of Roocroe the Impregnable, a veteran MiGl of Hepliaklqana (Crypt:2)
  The ghost of Xenat the Impregnable, a veteran MiGl of Hepliaklqana (Crypt:2)
  Frederick (Crypt:1)
  A golden dragon (Vaults:5)
  2 bone dragons (Crypt:2)
  A lich (Tomb:3)
  2 titans (Vaults:5)
  A shadow dragon (Vaults:5)
  A vault warden (Vaults:4)
  A curse skull (Crypt:1)
  A deep elf demonologist (Vaults:5)
  3 bennus
  4 mummy priests
  A vault guard (Vaults:5)
  An ogre mage (Vaults:5)
  A death yak (Lair:6)
  6 death scarabs (Tomb:2)
  A golden dragon zombie (Tomb:2)
  3 deep trolls (Vaults:4)
  A golden dragon skeleton (Tomb:1)
  2 ugly things (Vaults:4)
  An oklob plant (Lair:6)
  A fire giant zombie (Tomb:2)
  A torpor snail (Lair:6)
  2 vault sentinels (Vaults:2)
  3 elephants (Lair:6)
  A cane toad (Lair:6)
  A komodo dragon (Lair:6)
  3 guardian mummies (Tomb:2)
  2 yaktaurs (Vaults:2)
  A grey draconian skeleton (Crypt:1)
  A blink frog (Lair:6)
  A snapping turtle (Lair:6)
  2 ushabtiu (Tomb:3)
  A water moccasin (Lair:6)
  11 mummies
  A swamp drake zombie (Crypt:1)
72 creatures vanquished.

Vanquished Creatures (others)
  A sphinx (Tomb:1)
  A guardian mummy (Tomb:3)
  2 bloated husks
  An ushabti (Tomb:3)
  4 humans (Lair:6)
  A wraith (Crypt:1)
  An orc warrior (D:7)
  A steam dragon skeleton (Crypt:2)
  A briar patch (Swamp:4)
  2 bushes (Lair:6)
  66 fungi
  58 plants
139 creatures vanquished.

Grand Total: 2088 creatures vanquished

Notes
Turn   | Place    | Note
-------+----------+-------------------------------------------
     0 | D:1      | Estrea the Minotaur Fighter began the quest for the Orb.
     0 | D:1      | Reached XP level 1. HP: 19/19 MP: 0/0
   131 | D:1      | Reached XP level 2. HP: 27/27 MP: 1/1
   351 | D:1      | Found Pute's Magic Scroll Shop.
   788 | D:1      | Found a faded altar of an unknown god.
  1094 | D:2      | Reached XP level 3. HP: 33/33 MP: 2/2
  1124 | D:2      | Reached skill level 4 in Shields
  1431 | D:2      | Found Devuigos's General Store.
  1440 | D:2      | Bought a potion of degeneration for 10 gold pieces
  1440 | D:2      | Bought a potion of curing for 30 gold pieces
  1491 | D:2      | Reached skill level 1 in Dodging
  1751 | D:3      | Reached XP level 4. HP: 22/40 MP: 3/3
  1770 | D:3      | Reached XP level 5. HP: 29/47 MP: 4/4
  2744 | D:4      | Identified the +4 leather armour of Kleptomania {rN+}
  2812 | D:4      | Noticed an ogre
  2825 | D:4      | Killed an ogre
  2826 | D:4      | Reached skill level 5 in Maces & Flails
  2826 | D:4      | Reached skill level 5 in Armour
  2826 | D:4      | Reached XP level 6. HP: 5/53 MP: 5/5
  3138 | D:4      | Reached skill level 5 in Shields
  3655 | D:1      | Bought a scroll of identify for 22 gold pieces
  3655 | D:1      | Bought a scroll of fog for 22 gold pieces
  3655 | D:1      | Bought a scroll of enchant armour for 82 gold pieces
  3655 | D:1      | Bought a scroll of enchant weapon for 82 gold pieces
  3738 | D:5      | Entered Level 5 of the Dungeon
  3756 | D:5      | Reached XP level 7. HP: 55/60 MP: 6/6
  3964 | D:5      | Reached skill level 5 in Fighting
  4467 | D:5      | Reached XP level 8. HP: 58/69 MP: 7/7
  4476 | D:5      | Found a burning altar of Makhleb.
  4874 | D:6      | Found a staircase to the Ecumenical Temple.
  4888 | Temple   | Entered the Ecumenical Temple
  5008 | Temple   | Became a worshipper of the Shining One
  5131 | D:6      | Reached skill level 6 in Shields
  5174 | D:6      | Reached skill level 1 in Evocations
  5669 | D:1      | Bought a scroll of blinking for 82 gold pieces
  5669 | D:1      | Bought a scroll of fog for 22 gold pieces
  5785 | D:7      | Noticed a hornet
  5794 | D:7      | Killed a hornet
  5795 | D:7      | Reached XP level 9. HP: 60/75 MP: 8/8
  5984 | D:7      | Reached * piety under the Shining One
  6008 | D:7      | Reached skill level 7 in Shields
  6597 | D:7      | Identified the +0 cloak of Idealism {rF+ Str-4 Slay+5}
  6653 | D:7      | Found a transporter.
  6693 | D:7      | Noticed a moth of wrath
  6701 | D:7      | Noticed Biscolet's ghost (amateur MiFi)
  6708 | D:7      | Found a transporter.
  6743 | D:7      | Reached skill level 10 in Maces & Flails
  7081 | D:7      | Found a hide-covered altar of Uskayaw.
  7341 | D:7      | Reached skill level 5 in Dodging
  7346 | D:7      | Killed a moth of wrath
  7351 | D:7      | Reached skill level 8 in Shields
  7368 | D:7      | Killed Biscolet's ghost
  7380 | D:7      | Reached XP level 10. HP: 27/86 MP: 9/9
  8013 | D:8      | Found a bloodstained altar of Trog.
  8022 | D:8      | Reached skill level 1 in Invocations
  8101 | D:8      | Found a shimmering blue altar of Sif Muna.
  8105 | D:8      | Got Sif Muna's Guide on the Creative Traveller
  8148 | D:8      | Reached skill level 9 in Shields
  8150 | D:8      | Reached ** piety under the Shining One
  8646 | D:9      | Noticed a two-headed ogre
  8648 | D:9      | Found a staircase to the Orcish Mines.
  8667 | D:9      | Killed a two-headed ogre
  9320 | D:9      | Found an opulent altar of Gozag.
  9360 | D:9      | Reached XP level 11. HP: 94/94 MP: 11/11
  9419 | D:9      | Found a runed translucent door.
  9420 | D:9      | Noticed popedarpa's ghost (novice NaEn)
  9420 | D:9      | Reached *** piety under the Shining One
  9420 | D:9      | Identified the +7 spear of Infection {vorpal, *Slow rN+
                  | SInv}
  9478 | D:9      | Got the Reference Book on Evil Ice
  9688 | D:9      | Noticed a green ugly thing
  9701 | D:9      | Killed a green ugly thing
  9930 | D:9      | Noticed a centaur warrior
  9942 | D:9      | Killed a centaur warrior
 10326 | D:9      | Noticed a two-headed ogre
 10337 | D:9      | Killed a two-headed ogre
 10338 | D:9      | Reached skill level 10 in Shields
 10877 | D:9      | Killed popedarpa's ghost
 11184 | D:10     | Entered Level 10 of the Dungeon
 11186 | D:10     | Found a staircase to the Lair.
 11256 | D:10     | Found a white marble altar of Elyvilon.
 11323 | D:10     | Noticed Psyche
 11409 | D:10     | Killed Psyche
 11587 | D:10     | Noticed Josephine
 11612 | D:10     | Killed Josephine
 11639 | D:10     | Noticed Sonja
 12082 | D:10     | Found an iron altar of Okawaru.
 12185 | D:10     | Found a glowing silver altar of Zin.
 12186 | D:10     | Found a basalt altar of Yredelemnul.
 12583 | D:10     | Killed Sonja
 12584 | D:10     | Reached skill level 11 in Shields
 13095 | D:11     | Noticed a sixfirhy
 13098 | D:11     | Noticed a sun demon
 13182 | D:11     | Reached XP level 12. HP: 60/104 MP: 13/13
 13315 | D:11     | Noticed a two-headed ogre
 13323 | D:11     | Killed a two-headed ogre
 13379 | D:11     | Noticed Urug
 13401 | D:11     | Killed Urug
 13810 | D:11     | Noticed a boulder beetle
 13833 | D:11     | Killed a boulder beetle
 14049 | D:11     | Noticed a boulder beetle
 14085 | D:11     | Killed a boulder beetle
 14407 | D:11     | Reached skill level 5 in Evocations
 14621 | D:11     | Noticed Harold
 14629 | D:11     | Killed Harold
 14795 | D:12     | Found Romuosti's General Store.
 14931 | D:12     | Found a frozen archway.
 14938 | IceCv    | Entered an ice cave
 14945 | IceCv    | Reached **** piety under the Shining One
 15710 | D:12     | Reached skill level 12 in Shields
 15782 | D:12     | Noticed a two-headed ogre
 15792 | D:12     | Killed a two-headed ogre
 15793 | D:12     | Reached skill level 10 in Fighting
 15855 | D:12     | Noticed a boulder beetle
 15879 | D:12     | Killed a boulder beetle
 16678 | D:12     | Found the +5 robe of Misfortune {Contam Harm *Corrode Drain
                  | *Slow EV+5}
 16679 | D:12     | Noticed a four-headed hydra
 16689 | D:12     | Killed a four-headed hydra
 16690 | D:12     | Reached skill level 5 in Invocations
 16690 | D:12     | Reached XP level 13. HP: 108/113 MP: 13/15
 16986 | D:13     | HP: 3/114 [deep elf zephyrmancer/bolt of lightning (23)]
 17028 | D:13     | Found a transporter.
 17029 | D:13     | Found a gate leading to a gauntlet.
 17033 | Gauntlet | Entered a Gauntlet
 17033 | Gauntlet | Found a transporter.
 17033 | Gauntlet | Found a transporter.
 17282 | Gauntlet | Found a transporter.
 17287 | Gauntlet | Found a transporter.
 17296 | Gauntlet | Found a transporter.
 17299 | Gauntlet | Found a transporter.
 17313 | Gauntlet | Found a transporter.
 17324 | Gauntlet | Found a transporter.
 17339 | Gauntlet | Found a transporter.
 17343 | Gauntlet | Found a transporter.
 17344 | Gauntlet | Found the +3 giant club "Skullcrusher" {speed, Str+7}
 17351 | Gauntlet | Found a transporter.
 17355 | Gauntlet | Found a transporter.
 17629 | Gauntlet | Identified the +4 kite shield of the Robin {rElec rC+++
                  | Int-5}
 17629 | Gauntlet | Noticed a minotaur
 17656 | Gauntlet | Killed a minotaur
 17657 | Gauntlet | Reached skill level 10 in Armour
 17661 | Gauntlet | Identified the +0 barding of the Zebra {rElec}
 18128 | D:13     | Found a transporter.
 18144 | D:13     | Noticed Xeymp's ghost (journeyman SpEn)
 18147 | D:13     | Noticed a storm dragon
 18327 | D:13     | Reached skill level 1 in Slings
 18479 | D:13     | Noticed Azrael
 18507 | D:13     | Killed Azrael
 18616 | D:13     | Reached skill level 13 in Shields
 18888 | Lair:1   | Entered Level 1 of the Lair of Beasts
 19136 | Lair:1   | Found a hide-covered altar of Uskayaw.
 19210 | Lair:1   | Found an ornate altar of the Wu Jian Council.
 20250 | Lair:2   | Found the +8 whip "Snakebite" {venom, curare, rPois}
 20545 | Lair:2   | Found a hole to the Spider Nest.
 20608 | Lair:2   | You are sucked into a shaft and drop 2 floors!
 20632 | Lair:4   | Reached XP level 14. HP: 107/124 MP: 12/17
 22061 | Lair:3   | Found a staircase to the Swamp.
 22294 | Lair:4   | Reached skill level 15 in Maces & Flails
 22915 | Lair:5   | Found a viscous altar of Jiyva.
 22916 | Lair:5   | Found a staircase to the Slime Pits.
 23219 | Lair:5   | Reached ***** piety under the Shining One
 23405 | Lair:5   | Reached skill level 10 in Dodging
 23503 | Lair:5   | Reached skill level 5 in Slings
 24107 | Lair:6   | Entered Level 6 of the Lair of Beasts
 24109 | Lair:6   | Noticed Rupert
 24166 | Lair:5   | Reached skill level 14 in Shields
 24398 | Lair:6   | Paralysed by Rupert for 2 turns
 24408 | Lair:6   | Killed Rupert
 24473 | Lair:6   | Found an ancient bone altar of Kikubaaqudgha.
 24495 | Lair:6   | Reached XP level 15. HP: 35/134 MP: 4/19
 24859 | Lair:6   | Noticed Kirke
 24884 | Lair:6   | Killed Kirke
 25212 | Lair:6   | The Shining One protects you from harm!
 25625 | Lair:6   | Identified the ring "Wufiph" {rElec rPois rF+ Dex+6 Slay+2}
 26114 | Spider:1 | Entered Level 1 of the Spider Nest
 27197 | Spider:2 | Reached skill level 15 in Shields
 28027 | Spider:3 | Reached XP level 16. HP: 76/144 MP: 18/21
 28824 | Spider:4 | Entered Level 4 of the Spider Nest
 29341 | Spider:4 | Noticed Arachne
 29365 | Spider:4 | Killed Arachne
 29645 | Spider:4 | Noticed Roxanne
 29675 | Spider:4 | Killed Roxanne
 30488 | Spider:4 | Noticed Aizul
 30492 | Spider:4 | Reached skill level 16 in Shields
 30496 | Spider:4 | Reached ****** piety under the Shining One
 30519 | Spider:4 | Killed Aizul
 31076 | Spider:4 | Reached skill level 10 in Slings
 32199 | Spider:4 | Got a gossamer rune of Zot
 32377 | Swamp:1  | Entered Level 1 of the Swamp
 32697 | Swamp:1  | Reached XP level 17. HP: 154/154 MP: 22/22
 33720 | Swamp:2  | Reached skill level 15 in Fighting
 33833 | Swamp:2  | Noticed Donald
 33841 | Swamp:2  | Killed Donald
 34513 | Swamp:3  | Identified the +2 leather armour of Tuumuzix {Dex+3}
 34524 | Swamp:3  | Noticed Mara
 34540 | Swamp:3  | Noticed Estrea's illusion
 34549 | Swamp:3  | Killed Mara
 34983 | Swamp:4  | Entered Level 4 of the Swamp
 34987 | Swamp:4  | Reached skill level 17 in Shields
 35090 | Swamp:4  | Found a runed translucent door.
 35091 | Swamp:4  | Noticed marwff's ghost (adept MiBe)
 35680 | Swamp:4  | Got a decaying rune of Zot
 35869 | Swamp:4  | Reached XP level 18. HP: 166/166 MP: 24/24
 36152 | Swamp:4  | Killed marwff's ghost
 36417 | Orc:1    | Entered Level 1 of the Orcish Mines
 36417 | Orc:1    | Noticed Nergalle
 36429 | Orc:1    | Killed Nergalle
 36930 | Orc:2    | Entered Level 2 of the Orcish Mines
 36930 | Orc:2    | Found a staircase to the Elven Halls.
 36946 | Orc:2    | Reached skill level 10 in Invocations
 37059 | Orc:2    | Found a dark tunnel.
 37072 | Volcano  | Entered a volcano
 37603 | Orc:2    | Found Loytakodgh's Book Boutique.
 37603 | Orc:2    | Found Cutaun's Assorted Antiques.
 37822 | Orc:2    | Found Imotsos's General Store.
 37860 | Orc:2    | Found Ughokhan's Jewellery Emporium.
 38636 | Orc:2    | Bought a scroll of enchant weapon for 277 gold pieces
 38636 | Orc:2    | Bought a potion of cancellation for 296 gold pieces
 38636 | Orc:2    | Bought a scroll of enchant weapon for 277 gold pieces
 38636 | Orc:2    | Bought a scroll of blinking for 277 gold pieces
 38636 | Orc:2    | Bought a scroll of blinking for 277 gold pieces
 38923 | Elf:1    | Entered Level 1 of the Elven Halls
 40179 | Elf:2    | Paralysed by an air elemental for 1 turns
 40179 | Elf:2    | Noticed Jorgrun
 40192 | Elf:2    | Killed Jorgrun
 40288 | Elf:2    | Found a runed translucent gate.
 40288 | Elf:2    | Found a runed translucent gate.
 40288 | Elf:2    | Found a runed translucent gate.
 40563 | Elf:2    | Noticed Asterion
 40574 | Elf:2    | Killed Asterion
 40585 | Elf:2    | Paralysed by an air elemental for 1 turns
 40715 | Elf:2    | Reached skill level 18 in Shields
 41502 | Elf:2    | Reached XP level 19. HP: 173/177 MP: 25/25
 41940 | Elf:3    | Entered Level 3 of the Elven Halls
 41977 | Elf:3    | Paralysed by an air elemental for 1 turns
 41985 | Elf:3    | Paralysed by an air elemental for 1 turns
 42251 | Elf:3    | Found Varcheat's Antique Weapon Emporium.
 42465 | Elf:3    | Lost intelligence.
 42538 | Elf:3    | Identified a scroll of acquirement
 42841 | Elf:3    | Acquired a manual of Invocations
 42982 | Elf:3    | Reached skill level 19 in Shields
 43045 | Elf:3    | Identified the ring "Ulolem" {rC+ rCorr Dex+2}
 43071 | Elf:3    | Identified the +1 scale mail of Qaxaprag {Rampage *Slow
                  | Will- Str+4}
 43218 | Elf:3    | Identified the +10 shortbow "Grim" {vorpal, rN+ Int+4}
 43248 | Elf:3    | Found the +9 scales of the Dragon King {rPois rF+ rC+
                  | Will+}
 43602 | D:12     | Bought 15 sling bullets for 105 gold pieces
 43642 | D:14     | Noticed Frances
 43654 | D:14     | Killed Frances
 43675 | D:14     | Noticed Nessos
 43682 | D:14     | Killed Nessos
 43804 | D:14     | Found a gate to the Vaults.
 44072 | D:14     | Noticed Agnes
 44080 | D:14     | Killed Agnes
 44170 | D:14     | Acquired 1318 gold pieces
 44450 | D:14     | Found a shadowy altar of Dithmenos.
 44492 | D:15     | Entered Level 15 of the Dungeon
 44951 | D:15     | Found a staircase to the Depths.
 45344 | Vaults:1 | Entered Level 1 of the Vaults
 45627 | Vaults:1 | Reached XP level 20. HP: 173/189 MP: 27/27
 45913 | Vaults:1 | Reached skill level 15 in Armour
 46123 | Vaults:1 | Identified the +10 fustibalus "Sohiec Hodd" {flame, *Slow
                  | Will+ Str+6 Int+4}
 46934 | Vaults:2 | Reached skill level 20 in Shields
 47257 | Vaults:2 | Found a staircase to the Crypt.
 48289 | Vaults:2 | Reached XP level 21. HP: 201/201 MP: 29/29
 48407 | Vaults:2 | Found Pyuliez's Distillery.
 48502 | Vaults:2 | Bought 2 potions of curing for 72 gold pieces
 48502 | Vaults:2 | Bought 2 potions of haste for 240 gold pieces
 48502 | Vaults:2 | Bought a potion of curing for 36 gold pieces
 49885 | Vaults:3 | Reached skill level 21 in Shields
 50151 | Vaults:3 | You fall into a shaft and drop 1 floor!
 51232 | Vaults:4 | Identified the ring of Raej {AC+4 Int+9}
 52169 | Vaults:3 | Found a runed translucent door.
 52169 | Vaults:3 | Found a shimmering altar of Xom.
 52169 | Vaults:3 | Identified the +5 great sword "Peptib" {chaos, *Corrode
                  | +Blink Str+4}
 52169 | Vaults:3 | Noticed Kipt's ghost (adept SpFE)
 52233 | Vaults:3 | Killed Kipt's ghost
 52276 | Vaults:3 | Reached XP level 22. HP: 213/213 MP: 31/31
 52394 | Vaults:5 | Entered Level 5 of the Vaults
 52428 | Vaults:5 | Noticed a golden dragon
 52446 | Vaults:4 | Reached skill level 22 in Shields
 52915 | Vaults:5 | Killed a golden dragon
 53205 | Vaults:5 | Noticed a golden dragon
 53217 | Vaults:5 | Killed a golden dragon
 53690 | Vaults:5 | Reached skill level 15 in Dodging
 53757 | Vaults:5 | Got a silver rune of Zot
 53986 | Vaults:5 | Found Veleroim's Distillery.
 54016 | Vaults:5 | Identified the +1 ring mail "Ubbuidghe" {rF+ Slay+2}
 54031 | Vaults:5 | Bought a potion of curing for 69 gold pieces
 54031 | Vaults:5 | Bought a potion of curing for 69 gold pieces
 54031 | Vaults:5 | Bought a potion of curing for 69 gold pieces
 54152 | Vaults:5 | Identified the +1 pair of gloves of Contentment {rPois rF-
                  | rCorr Slay+5}
 54264 | Vaults:5 | Reached skill level 23 in Shields
 54316 | Vaults:5 | Identified the +8 halberd "Isojela" {flame, Int+4}
 54316 | Vaults:5 | Identified the +3 leather armour of the Invisible Hand
                  | {Contam +Inv Fly Slay+5}
 54407 | Vaults:5 | Identified the +9 halberd of Tenacity {flame, Stlth+}
 54423 | Vaults:5 | Noticed an ancient lich
 54441 | Vaults:5 | Killed an ancient lich
 54474 | Vaults:5 | Noticed a dread lich
 54494 | Vaults:5 | Killed a dread lich
 54495 | Vaults:5 | Reached XP level 23. HP: 64/224 MP: 27/33
 54921 | Vaults:5 | Identified the +1 troll leather armour "Gemnoj" {Fly Regen+
                  | MP+9 Slay+2}
 56262 | Crypt:1  | Entered Level 1 of the Crypt
 56263 | Crypt:1  | Identified a +3 sacred scourge of holy wrath (a +1 demon
                  | whip of electrocution blessed by the Shining One)
 56263 | Crypt:1  | Received a gift from the Shining One
 56267 | Crypt:1  | Noticed Margery
 56290 | Crypt:1  | Killed Margery
 56313 | Crypt:1  | Reached skill level 15 in Invocations
 56330 | Crypt:1  | Noticed Frederick
 56363 | Crypt:1  | Killed Frederick
 57921 | Crypt:2  | Reached skill level 24 in Shields
 58010 | Crypt:2  | Noticed a royal mummy
 58013 | Crypt:2  | Noticed Roocroe's ghost (veteran MiGl)
 58015 | Crypt:2  | Noticed Xenat's ghost (veteran MiGl)
 58021 | Crypt:2  | Found a transporter.
 58062 | Crypt:2  | Identified the +8 tower shield "Vaurphuem" {SInv Stlth+}
 58112 | Crypt:2  | Identified the +1 robe "Fomiupet" {rCorr Dex+3}
 58149 | Crypt:2  | Found a transporter.
 58723 | Crypt:2  | HP: 9/225 [royal mummy/divine providence (13)]
 58729 | Crypt:2  | Killed Xenat's ghost
 58730 | Crypt:2  | Killed a royal mummy
 58744 | Crypt:2  | Killed Roocroe's ghost
 58753 | Crypt:2  | Identified the +2 cloak "Wovyriuj" {+Blink Will- Str+5}
 59162 | Crypt:3  | Entered Level 3 of the Crypt
 59271 | Crypt:3  | Paralysed by a vampire knight for 7 turns
 59664 | Crypt:3  | Found a staircase to the Tomb.
 59668 | Crypt:3  | Reached XP level 24. HP: 234/234 MP: 34/34
 59813 | Crypt:3  | Paralysed by a vampire knight for 5 turns
 59971 | Crypt:3  | Found an ancient bone altar of Kikubaaqudgha.
 60036 | Crypt:3  | Identified the ring "Levui" {Contam rPois rC+ rN+ Dex+2}
 60073 | Crypt:3  | Identified the ring "Olistrybo" {rF- rN+ MP+9 Int+3 Slay+2}
 60479 | Crypt:3  | Reached skill level 25 in Shields
 60901 | Tomb:1   | Entered Level 1 of the Tomb of the Ancients
 62161 | Tomb:1   | Noticed a royal mummy
 62177 | Tomb:1   | Killed a royal mummy
 62849 | Tomb:2   | Noticed a royal mummy
 62851 | Tomb:2   | Noticed a royal mummy
 62886 | Tomb:2   | Killed a royal mummy
 62889 | Tomb:2   | Killed a royal mummy
 62893 | Tomb:2   | Noticed a royal mummy
 62924 | Tomb:2   | Killed a royal mummy
 63116 | Tomb:2   | Noticed a royal mummy
 63154 | Tomb:2   | Killed a royal mummy
 63155 | Tomb:2   | Reached XP level 25. HP: 149/244 MP: 27/34
 63587 | Tomb:3   | Entered Level 3 of the Tomb of the Ancients
 64059 | Tomb:3   | Noticed a royal mummy
 64059 | Tomb:3   | Noticed a royal mummy
 64062 | Tomb:3   | Noticed a royal mummy
 64062 | Tomb:3   | Noticed a royal mummy
 64062 | Tomb:3   | Noticed a royal mummy
 64063 | Tomb:3   | Noticed a royal mummy
 64063 | Tomb:3   | Noticed a royal mummy
 64063 | Tomb:3   | Noticed a royal mummy
 64067 | Tomb:3   | HP: 12/245 [flayed ghost/flay_damage[a mummy priest] (2)]
 64067 | Tomb:3   | HP: 2/245 [mummy priest/divine providence (10)]
 64068 | Tomb:3   | Engulfed by an ushabti's foul pestilence

Illustrated notes

Levels and vault maps discovered:
D:1:      eino_arrival_water_cross, layout_basic,
          shapermc_ecumenical_altar_pompeii, serial_shops, nicolae_square_shop,
          grunt_decor_cap
D:2:      layout_rooms, serial_shops, shop, minmay_small_reverse_x
D:3:      layout_loops_ring
D:4:      layout_basic, minmay_misc_feat_chi, serial_bayou_lake_a
D:5:      layout_basic, demons_altar, serial_aquarium, aquarium_bridge_straight
          [aquarium_subvault_bridge, aquarium_subvault_balcony,
          aquarium_subvault_bridge, aquarium_subvault_wall],
          aquarium_window_corridor_1, aquarium_window_fake,
          aquarium_window_fake, aquarium_view_2d, aquarium_view_2e, minivault_19
D:6:      layout_rooms, minmay_temple_entry_sparse_star, nicolae_benzene_ring,
          kennysheep_generic_room_12
D:7:      layout_gridville, overflow_temple_1_default,
          gammafunk_ghost_berserking_beasts, hangedman_decor_lopped,
          minmay_checkerbox
D:8:      layout_basic, nzn_overflow_gifts_of_might_and_magic,
          chequers_serial_rivers_small_b
D:9:      layout_stronghold, mainiacjoe_overflow_cross_hatched, david_orc_2,
          ebering_ghost_funeral_grove, wad_mini_maze
D:10:     layout_irregular_city, nicolae_overflow_crystal_walls,
          mainiacjoe_overflow_catwalk, gammafunk_temple_overflow_statue,
          lair_entry_dummy, corexii_checkpoint_b, uniq_psyche, uniq_sonja,
          uniq_josephine
D:11:     layout_irregular_city, minmay_microvault, uniq_urug, uniq_harold
D:12:     layout_stronghold, serial_shops,
          nicolae_shop_temple_entry_statues_fountains,
          portal_ice_cave_entry_pillars_1
D:13:     layout_loops_cross, gammafunk_ghost_arena, gauntlet_entry_generic,
          uniq_azrael
D:14:     layout_loops_cross, david_vaults_2, grunt_dithmenos_shadows,
          uniq_frances, uniq_agnes, uniq_nessos
D:15:     gammafunk_enter_depths_forms, layout_loops_cross, patterned_corridor
Temple:   nicolae_temple_god_jail
Lair:1:   layout_cave_pods, nzn_masters_of_martial_movement
Lair:2:   minmay_guarded_unrand_snakebite, layout_chaotic_city,
          dummy_spider_entry
Lair:3:   layout_regular_city, swamp_mist_pool, serial_bayou_shore_b
Lair:4:   layout_long_grid, serial_bayou_shore_a
Lair:5:   layout_regular_city, slime_altar_1, serial_rivers,
          chequers_serial_rivers_room_b, chequers_serial_rivers_micro_c,
          chequers_serial_rivers_small_a, chequers_serial_rivers_large_b,
          chequers_serial_rivers_micro_a, serial_bayou_pond_b,
          infiniplex_staircase_pool
Lair:6:   gammafunk_lair_ancient_temple, layout_misc_corridors,
          lemuel_oklob_altar, uniq_rupert, uniq_kirke
Swamp:1:  layout_falls_marsh, serial_swamp_ruin, hangedman_swamp_ruin_wall,
          evilmike_swamp_ruin_rubble_1
Swamp:2:  layout_falls_marsh, nicolae_swamp_oxbows, swamp_pool2,
          hangedman_swamp_lotus, uniq_donald
Swamp:3:  layout_basic_swamp, evilmike_swamp_ruin_house_5, swamp_pool1,
          uniq_mara
Swamp:4:  swamp_alternative, layout_basic_swamp, ebering_ghost_inner_flame
Spider:1: layout_spider_delve, guppyfry_spider_mini_3,
          hangedman_spider_tarantella_strand
Spider:2: layout_spider_delve
Spider:3: layout_spider_delve, nicolae_spider_eight_legs
Spider:4: spider_rune_water, hangedman_stitches_earthworm, uniq_aizul,
          uniq_roxanne, uniq_arachne
Orc:1:    nicolae_orc_accident_1, layout_caves, basic_altar,
          nicolae_orc_sculptors_studio, uniq_nergalle
Orc:2:    st_orc_town, layout_caves, nicolae_volcano_entry_lava_flow,
          mines3_lemuel
Elf:1:    eino_elf_arrival_sip, layout_geoelf_octagon,
          minmay_elf_crystal_hexagon
Elf:2:    elven_hall_of_blades_hangedman_original
          [infiniplex_blade_entry_pillars], layout_gridlike, uniq_asterion,
          uniq_jorgrun
Elf:3:    minmay_elf_hall, layout_geoelf_grid, serial_shops, shop
Vaults:1: nicolae_vaults_network_star, ontoclasm_vaults_bender, v_misc_28,
          hangedman_vaults_slither, v_misc_10, v_misc_10,
          ontoclasm_vaults_ligature, v_misc_16, grunt_vaults_focal,
          nicolae_vaults_little_squares_2, vaults_room_corners,
          nicolae_vaults_ring_of_whatevers, vaults_room_pools,
          layout_vaults_maze_snakey
Vaults:2: minmay_crypt_entry_simple_sparse, nicolae_vaults_network_quinsquares
          [nicolae_vaults_network_quincunx_subvault,
          nicolae_vaults_network_quincunx_subvault,
          nicolae_vaults_network_quincunx_subvault,
          nicolae_vaults_network_quincunx_subvault], v_misc_31,
          nicolae_vaults_angled_halls, v_misc_17, v_misc_22,
          nicolae_vaults_twisting_passages, v_misc_19, vaults_dpeg_spiral,
          grunt_vaults_bifocal, hangedman_vaults_trim, hangedman_vaults_nails,
          v_misc_24, vaults_dpeg_hooks, layout_vaults_omnibox, serial_shops,
          nicolae_shop_window_shopping
Vaults:3: ebering_vaults_ghost_xom, v_alt_pattern_2, dpeg_vaults_monster_row,
          nicolae_vaults_little_squares_4, vaults_room_grid,
          nicolae_vaults_alarming, nicolae_vaults_quartermaster,
          nicolae_vaults_angled_halls, grunt_vaults_funnel,
          layout_vaults_omnigrid
Vaults:4: st_hourglassy, nicolae_vaults_big_angled_halls, v_alt_pattern_3,
          vaults_room_door_ring, hangedman_vaults_corner, vaults_room_pools,
          vaults_room_corners, ontoclasm_vaults_decontamination,
          vaults_mumra_minichess_inversion, nicolae_vaults_rhombus_5,
          layout_vaults_big_room
Vaults:5: serial_shops
Crypt:1:  layout_misc_corridors, uniq_frederick, uniq_margery
Crypt:2:  layout_misc_corridors, nzn_ghost_randoct, columned_hall_lemuel,
          beargit_elvish_explorers
Crypt:3:  church_of_pain_bobbens, layout_chaotic_city,
          tomb_entry_simple_bobbens, minmay_misc_feat_rows
Tomb:1
Tomb:2
Tomb:3

Skill      XL: |  1  2  3  4  5  6  7  8  9 10 11 12 13 14 15 16 17 18 19 20 21 22 23 24 |
---------------+-------------------------------------------------------------------------+-----
Fighting       | 4 5 6 7 8 9 10 11 12 13 14 15 17 18 20 21 22 23 | 23.7
Maces & Flails | 3 4 5 7 9 10 11 13 14 15 16 | 16.9
Armour         | 4 5 6 7 8 9 10 11 12 13 14 15 16 17 18 | 18.4
Shields        | 4 5 6 8 9 11 12 13 14 15 16 17 18 19 20 21 23 24 25 | 25.8
Dodging        | 1 2 3 4 5 6 7 8 9 10 11 12 13 14 15 16 | 16.7
Evocations     | 1 2 3 4 5 6 7 |  7.0
Invocations    | 2 3 5 6 7 8 9 10 11 12 13 14 16 17 | 17.7
Slings         | 2 6 8 10 12 13 14 | 14.0

Action                   |  1- 3 |  4- 6 |  7- 9 | 10-12 | 13-15 | 16-18 | 19-21 | 22-24 | 25-27 || total
-------------------------+-------+-------+-------+-------+-------+-------+-------+-------+-------++-------
Melee: Flail             |   117 |   106 |   320 |   762 |   322 |       |       |       |       ||  1627
       Headbutt          |    10 |    14 |    52 |   189 |   283 |   263 |   298 |   495 |    27 ||  1631
       Unarmed           |       |       |       |     1 |       |       |       |       |       ||     1
       Whip              |       |       |       |       |   689 |   182 |       |       |       ||   871
       Morningstar       |       |       |       |       |       |   757 |   915 |   386 |     6 ||  2064
       Sacred scourge    |       |       |       |       |       |       |       |   832 |    48 ||   880
 Fire: Fustibalus        |       |       |       |       |   297 |   614 |   635 |   332 |    14 ||  1892
Throw: Throwing net      |       |       |     1 |     1 |     5 |     2 |       |     5 |       ||    14
Invok: Divine Shield     |       |       |       |    11 |     9 |     7 |     6 |     7 |       ||    40
       Cleansing Flame   |       |       |       |     2 |       |       |     1 |    31 |     8 ||    42
       Summon Divine War |       |       |       |       |     2 |       |     2 |    11 |     2 ||    17
       Brand Weapon With |       |       |       |       |       |       |       |     1 |       ||     1
 Abil: Evoke Blink       |       |       |       |       |       |       |       |     2 |       ||     2
Evoke: Wand              |       |       |     1 |       |     2 |       |       |     3 |       ||     6
  Use: Potion            |       |     1 |     4 |     6 |     8 |     2 |     5 |    28 |     4 ||    58
       Scroll            |       |     6 |     7 |    11 |    14 |    10 |     3 |     8 |    13 ||    72
Armor: Scale mail        |    58 |    24 |       |       |       |       |       |       |       ||    82
       Leather armour    |       |    10 |   133 |   189 |       |       |       |       |       ||   332
       Ice dragon scales |       |       |       |    52 |   320 |   293 |    64 |       |       ||   729
       Gold dragon scale |       |       |       |       |       |       |   230 |   530 |    61 ||   821
Dodge: Dodged            |    32 |    34 |   148 |   245 |   303 |   445 |   263 |   383 |    18 ||  1871
Block: Kite shield       |    62 |    46 |   209 |   497 |   562 |   754 |   766 |       |       ||  2896
       Reflection        |       |       |       |       |       |       |    70 |    15 |       ||    85
       Tower shield      |       |       |       |       |       |       |    75 |  1698 |    96 ||  1869
